 Dungeon Crawl Stone Soup version 0.29-a0-330-g52719c12eb (webtiles) character file.

Game seed: 192143019624551244

5451 dohliylev the Grappler (level 10, -5/92 HPs)
             Began as a Troll Warper on May 11, 2022.
             Was a Priest of Okawaru.
             Slain by an orc knight
             ... wielding a +0 halberd
              (9 damage)
             ... in a bailey.
             The game lasted 00:25:56 (6499 turns).

dohliylev the Grappler (Troll Warper)               Turns: 6499, Time: 00:25:57

Health: -5/92      AC: 23    Str: 25    XL:     10   Next: 41%
Magic:  14/14      EV:  7    Int:  9    God:    Okawaru [***...]
Gold:   320        SH:  0    Dex:  9    Spells: 11/16 levels left

rFire   . . .      SeeInvis .     - Unarmed
rCold   . . .      Faith    .   (no shield)
rNeg    . . .      Spirit   .   c - +2 storm dragon scales
rPois   .          Reflect  .   (helmet restricted)
rElec   +          Harm     .   r - +0 cloak
rCorr   .          Rampage  .   (gloves unavailable)
Will    .....                   (boots unavailable)
Stlth   ..........              (no amulet)
HPRegen 1.05/turn               d - +4 ring of protection
MPRegen 0.14/turn               n - +4 ring of protection

@: no status effects
A: large, unfitting armour, claws 3, regeneration 1, shaggy fur 1, tough skin 1
a: Renounce Religion, Heroism


You were in a bailey.
You worshipped Okawaru.
Okawaru was most pleased with you.
You visited 2 branches of the dungeon, and saw 9 of its levels.
You also visited: Bailey.

You collected 320 gold pieces.

Inventory:

Armour
 c - +2 storm dragon scales (worn)
 e - a +2 tower shield of protection
 r - a +0 cloak (worn)
 x - +0 steam dragon scales
Jewellery
 d - a +4 ring of protection (left claw)
 j - a ring of fire
 n - a +4 ring of protection (right claw)
 C - a ring of protection from fire
Wands
 i - a wand of digging (6)
Scrolls
 a - a scroll of fog
 b - 5 scrolls of blinking
 f - a scroll of holy word
 g - 4 scrolls of teleportation
 m - 2 scrolls of fear
 y - a scroll of enchant armour
 A - a scroll of amnesia
Potions
 h - a potion of resistance
 k - a potion of flight {unknown}
 p - a potion of cancellation {unknown}
 q - a potion of ambrosia {unknown}
 s - 2 potions of heal wounds {unknown}
 t - a potion of haste {unknown}
 u - 2 potions of lignification {unknown}
 v - a potion of invisibility {unknown}
 z - 2 potions of curing {unknown}


   Skills:
 + Level 3.7 Fighting
 - Level 4.0 Throwing
 + Level 7.6 Dodging
 - Level 8.0 Unarmed Combat
 + Level 3.6 Spellcasting
 + Level 4.3 Translocations
 + Level 2.7 Evocations


You had 11 spell levels left.
You knew the following spells:

 Your Spells              Type           Power      Damage    Failure   Level
a - Blink                 Tloc           18%        N/A       50%         2
b - Lesser Beckoning      Tloc           9%         N/A       73%         3

Your spell library contained the following spells:

 Spells                   Type           Power      Damage    Failure   Level
 Gell's Gravitas          Tloc           9%         N/A       73%         3
 Teleport Other           Tloc           9%         N/A       73%         3
 Magic Dart               Conj           4%         1d3       92%         1
 Searing Ray              Conj           2%         2d4       98%         2
 Conjure Flame            Conj/Fire      1%         6-21      100%        3
 Ignite Poison            Fire/Tmut/Pois 1%         N/A       100%        3
 Fulminant Prism          Conj/Hex       0%         3d6       100%        4
 Sticky Flame             Conj/Fire      1%         2d3       100%        4
 Manifold Assault         Tloc           9%         N/A       100%        5


Dungeon Overview and Level Annotations

Branches:
Dungeon (8/15)             Temple (1/1) D:4          Bailey (1/1)
   Lair: D:8-11

Altars:
Ashenzari
Dithmenos
Elyvilon
Fedhas
Gozag
Hepliaklqana
Kikubaaqudgha
Makhleb
Nemelex Xobeh
Okawaru
Qazlal
Ru
Sif Muna
Trog
Uskayaw
Vehumet
Wu Jian
Xom
Yredelemnul
Zin
The Shining One

Annotations:
D:4 3 runed translucent doors, anonymous's ghost, amateur MiHu


Innate Abilities, Weirdness & Mutations

You are too large for most types of armour.
You have claws for hands.
Your natural rate of healing is unusually fast.
You are covered in fur. (AC +1)
You have tough skin. (AC +1)


Message History

The orc knight shouts!
There is an open door here.
The orc knight barely misses you.
You closely miss the orc knight.
The orc knight hits you with a +0 halberd!
You claw the orc knight!
The orc knight is moderately wounded.
The orc knight hits you with a +0 halberd!
You claw the orc knight!
The orc knight is heavily wounded.
The orc knight hits you but does no damage.
You closely miss the orc knight.
The orc knight is heavily wounded.
The orc knight hits you with a +0 halberd.
You barely miss the orc knight.
The orc knight is heavily wounded.
The orc knight hits you but does no damage.
You scratch the orc knight.
The orc knight is heavily wounded.
The orc knight hits you with a +0 halberd!
You scratch the orc knight but do no damage.
The orc knight is heavily wounded.
You closely miss the orc knight.
The orc knight is heavily wounded.
The orc knight hits you with a +0 halberd.
You scratch the orc knight but do no damage.
The orc knight is heavily wounded.
The orc knight hits you with a +0 halberd!!
You claw the orc knight! Your claw misses the orc knight.
The orc knight is severely wounded.
The orc knight hits you with a +0 halberd!!
* * * LOW HITPOINT WARNING * * *
You mangle the orc knight!!
The orc knight is almost dead.
The orc knight hits you with a +0 halberd!
* * * LOW HITPOINT WARNING * * *
You barely miss the orc knight.
The orc knight is almost dead.
The orc knight hits you with a +0 halberd!
You die...

##..≈≈≈≈)≈≈..##
##..≈≈.)...≈≈..##
#..≈≈.)###..≈≈..##########
..≈≈..##.##..≈≈..........#
≈≈≈..##.∩.##..≈≈≈≈≈≈≈≈≈≈.#
....##.....##...o).....).#
####)###'#############.≈.#
##.§.......##.....##.≈.#
##.§≈≈≈≈≈§≈..#'@o.##..≈.#
##..≈§§....≈§..##.##..≈≈.#
#....§.⌠∩⌠......#+#..≈≈.##
#..≈≈§..⌠.§.§≈..#+#..≈≈.∩#
#'..≈≈.....≈≈..##.##..≈≈.#
.##..≈≈≈.≈≈≈..##.$.##..≈.#
..##.........##.$$$.##.≈.#
########'#############)≈.#
....## ....##..........≈.#


You could see an orc knight.

Vanquished Creatures
  Pikel (D:4)
  An orc knight (Bailey)
  A hornet (D:7)
  Grinder (D:3)
  5 yaks
  2 steam dragons (D:6)
  A water moccasin (D:6)
  A sky beast (D:8)
  3 black bears
  5 orc warriors (Bailey)
  An ogre (D:4)
  2 centaurs
  A lemure (D:4)
  A phantom (D:6)
  3 kobold brigands
  4 bullfrogs
  2 necrophages
  5 scorpions
  2 water moccasin zombies (D:5)
  A howler monkey (D:4)
  2 bullfrog zombies (D:5)
  4 hounds
  7 orc priests (D:6)
  A jelly (D:6)
  2 centaur skeletons (D:5)
  A bullfrog skeleton (D:5)
  6 iguanas
  3 orc wizards
  A hound zombie (D:5)
  A howler monkey zombie (D:5)
  4 adders
  An adder zombie (D:5)
  A worm (D:2)
  4 dart slugs
  30 orcs
  10 ball pythons
  7 bats
  6 endoplasms
  2 giant cockroaches (D:1)
  3 goblins (D:1)
  9 hobgoblins
  2 quokkas
  5 frilled lizards
  16 kobolds
  6 rats
177 creatures vanquished.

Vanquished Creatures (others)
  3 plants (D:2)
3 creatures vanquished.

Grand Total: 180 creatures vanquished

Notes
Turn   | Place    | Note
-------+----------+-------------------------------------------
     0 | D:1      | dohliylev the Troll Warper began the quest for the Orb.
     0 | D:1      | Reached XP level 1. HP: 19/19 MP: 1/1
    97 | D:1      | Found a faded altar of an unknown god.
   165 | D:1      | Reached XP level 2. HP: 27/27 MP: 3/3
   600 | D:1      | Reached XP level 3. HP: 33/35 MP: 4/4
  1050 | D:2      | Noticed a black bear
  1064 | D:2      | Killed a black bear
  1065 | D:2      | Reached skill level 3 in Unarmed Combat
  1065 | D:2      | Reached XP level 4. HP: 20/42 MP: 5/5
  1065 | D:2      | Reached XP level 5. HP: 23/49 MP: 6/6
  1095 | D:2      | Learned a level 2 spell: Blink
  1099 | D:2      | Learned a level 3 spell: Lesser Beckoning
  1460 | D:3      | Noticed Grinder
  1471 | D:3      | Killed Grinder
  1472 | D:3      | Reached skill level 1 in Throwing
  1472 | D:3      | Reached skill level 4 in Unarmed Combat
  1472 | D:3      | Reached XP level 6. HP: 52/57 MP: 7/7
  1602 | D:3      | Reached skill level 5 in Unarmed Combat
  1954 | D:4      | Noticed Pikel
  1964 | D:5      | Entered Level 5 of the Dungeon
  1975 | D:5      | Reached XP level 7. HP: 65/65 MP: 6/8
  2061 | D:5      | Reached skill level 6 in Unarmed Combat
  2178 | D:4      | Killed Pikel
  2179 | D:4      | Reached skill level 7 in Unarmed Combat
  2179 | D:4      | Reached XP level 8. HP: 52/74 MP: 6/10
  2300 | D:4      | Found a runed translucent gate.
  2300 | D:4      | Found a runed translucent gate.
  2300 | D:4      | Found a runed translucent gate.
  2301 | D:4      | Found an opulent altar of Gozag.
  2302 | D:4      | Noticed anonymous's ghost (amateur MiHu)
  2380 | D:4      | Found a staircase to the Ecumenical Temple.
  2387 | Temple   | Entered the Ecumenical Temple
  2726 | Temple   | Became a worshipper of Warmaster Okawaru
  3233 | D:5      | Reached skill level 5 in Dodging
  3237 | D:5      | Reached skill level 8 in Unarmed Combat
  3459 | D:6      | Reached * piety under Okawaru
  3460 | D:6      | Reached XP level 9. HP: 80/80 MP: 11/11
  3539 | D:6      | Reached skill level 1 in Evocations
  3976 | D:6      | Reached ** piety under Okawaru
  4521 | D:7      | Reached XP level 10. HP: 91/91 MP: 13/13
  4591 | D:7      | Reached *** piety under Okawaru
  5487 | D:8      | Found a flagged portal.
  5513 | Bailey   | Entered a bailey
  5781 | Bailey   | Noticed an orc knight
  6062 | Bailey   | Killed an orc knight
  6485 | Bailey   | Noticed an orc knight
  6498 | Bailey   | HP: 4/92 [orc knight/+0 halberd (8)]
  6499 | Bailey   | Slain by an orc knight

Illustrated notes

Levels and vault maps discovered:
D:1:      dpeg_chamrin_arrival_tetris, layout_loops_ring,
          hellmonk_ecumenical_altar_pennies_from_heaven, minmay_misc_feat_rows,
          minmay_misc_feat_plants
D:2:      layout_basic, lexackson_kobold_supper
D:3:      layout_rooms, small_statue_intersection, minmay_tree_intersection,
          chequers_arboretum, uniq_grinder
D:4:      layout_rooms, minmay_temple_entry_statues_fountains,
          ebering_ghost_gozag, uniq_pikel
D:5:      layout_rooms, serial_undead, serial_undead_a, serial_undead_a,
          serial_undead_c, serial_undead_d
D:6:      layout_basic
D:7:      layout_gridville
D:8:      layout_rooms, enter_bailey_6, uniq_psyche
Temple:   mainiacjoe_temple_circle_huts
Bailey:   bailey_polearm_1, bailey

Skill      XL: |  1  2  3  4  5  6  7  8  9 10 |
---------------+-------------------------------+-----
Dodging        | 2 3 4 5 7 |  7.6
Fighting       | 2 3 |  3.7
Unarmed Combat | 3 4 5 7 8 |  8.0
Throwing       | 1 2 3 4 |  4.0
Spellcasting   | 2 3 |  3.6
Translocations | 3 4 |  4.3
Evocations     | 2 |  2.7

Action                   |  1- 3 |  4- 6 |  7- 9 | 10-12 || total
-------------------------+-------+-------+-------+-------++-------
Melee: Unarmed           |   134 |    71 |   249 |   121 ||   575
       Punch             |       |     4 |     9 |     8 ||    21
Throw: Boomerang         |       |    14 |    53 |   100 ||   167
 Cast: Blink             |       |     2 |     4 |     4 ||    10
       Lesser Beckoning  |       |       |     4 |    12 ||    16
Evoke: Wand              |       |     3 |    11 |     5 ||    19
  Use: Scroll            |       |       |       |    10 ||    10
 Stab: Sleeping          |       |     1 |       |       ||     1
Armor: Robe              |    40 |    31 |    68 |       ||   139
       Steam dragon scal |       |       |    62 |    59 ||   121
       Storm dragon scal |       |       |       |     2 ||     2
Dodge: Dodged            |    85 |    32 |   110 |    51 ||   278

Table legend: (Time is in decaauts)
 A = Elapsed time spent in this place.
 B = Non-inter-level travel time spent in this place.
 C = Inter-level travel time spent in this place.
 D = Time resting spent in this place.
 E = Time spent auto-exploring this place.
 F = Levels seen in this place.
 G = Mean time per level.
                   A        B        C        D        E       F      G
               +--------+--------+--------+--------+--------+-----+--------+
         Total |   6471 |   6264 |    207 |    617 |   3825 |  10 |  647.1 |
       Dungeon |   5114 |   4948 |    166 |    286 |   3376 |   8 |  639.2 |
        Temple |    364 |    323 |     41 |      0 |    298 |   1 |  364.0 |
        Bailey |    992 |    992 |      0 |    331 |    151 |   1 |  992.0 |
               +--------+--------+--------+--------+--------+-----+--------+

Top non-repeatable levels by time:
     D:6: 1060 daAuts
  Bailey: 992 daAuts
     D:7: 931 daAuts
     D:2: 714 daAuts
     D:1: 689 daAuts
     D:4: 670 daAuts
     D:5: 463 daAuts
     D:3: 446 daAuts
  Temple: 364 daAuts
     D:8: 138 daAuts
